 Dungeon Crawl Stone Soup version 0.30-a0-339-g89bb51ec76 (webtiles) character file.

Game seed: 15726330690831575129

49 Hubris850 the Magician (level 3, -2/19 HPs)
             Began as a Deep Elf Air Elementalist on Oct 31, 2022.
             Slain by an adder (3 damage)
             ... on level 2 of the Dungeon.
             The game lasted 00:04:11 (1663 turns).

Hubris850 the Magician (Deep Elf Air Elementalist)  Turns: 1663, Time: 00:04:11

Health: -2/19      AC:  2    Str:  5    XL:     3   Next: 53%
Magic:  1/9        EV: 13    Int: 19    God:
Gold:   62         SH:  0    Dex: 17    Spells: 7/8 levels left

rFire   . . .      SeeInvis .    a - +0 dagger
rCold   . . .      Faith    .    (no shield)
rNeg    . . .      Spirit   .    c - +0 robe
rPois   .          Reflect  .    (no helmet)
rElec   .          Harm     .    (no cloak)
rCorr   .          Rampage  .    (no gloves)
Will    .....                    (no boots)
Stlth   ++........               (no amulet)
HPRegen 0.23/turn                (no ring)
MPRegen 0.11/turn                (no ring)

@: lethally poisoned (-2 -> -3), hasted, very quick
A: no striking features
a: no special abilities


You were on level 2 of the Dungeon.
You visited 1 branch of the dungeon, and saw 3 of its levels.

You collected 62 gold pieces.

Inventory:

Hand Weapons
 a - a +0 dagger (weapon)
 b - a +0 sling
Missiles
 h - 6 poisoned darts
Armour
 c - a +0 robe (worn)
Scrolls
 f - a scroll of enchant weapon {unknown}
 g - 2 scrolls of identify {unknown}
 k - a scroll of magic mapping {unknown}
Potions
 d - a potion of curing {unknown}
 e - a potion of lignification {unknown}
 i - a potion of magic
 j - a potion of haste
 l - 2 potions of attraction {unknown}


   Skills:
 * Level 2.3 Ranged Weapons
 - Level 2.7 Dodging
 + Level 3.3 Stealth
 - Level 3.3 Spellcasting
 - Level 1.5 Conjurations
 - Level 3.1 Air Magic


You had 7 spell levels left.
You knew the following spells:

 Your Spells              Type           Power      Damage    Failure   Level
a - Shock                 Conj/Air       48%        1d6       5%          1

Your spell library contained the following spells:

 Spells                   Type           Power      Damage    Failure   Level
 Static Discharge         Conj/Air       24%        2-3/arc   9%          2
 Swiftness                Air            15%        N/A       12%         3
 Cigotuvi's Dreadful Rot  Necr/Pois/Air  14%        N/A       14%         2
 Airstrike                Air            7%         2d(2-18)  36%         4
 Dispel Undead            Necr           3%         3d7       83%         4
 Death Channel            Necr           1%         N/A       100%        6


Dungeon Overview and Level Annotations

Branches:
Dungeon (3/15)

Altars:


Message History

You barely miss the adder.
The adder is almost dead.
You feel sick. The adder closely misses you.
You miss the adder.
The adder is almost dead.
You feel sick. The adder closely misses you. The adder bites you.
You hit the adder but do no damage.
The adder is almost dead.
You feel sick. The adder closely misses you.
You hit the adder but do no damage.
The adder is almost dead.
You feel sick.
You are no longer poisoned.
The adder barely misses you.
You closely miss the adder.
The adder is almost dead.
The adder bites you but does no damage. The adder bites you.
You are lethally poisoned!
The adder poisons you!
You hit the adder but do no damage.
The adder is almost dead.
* * * LOW HITPOINT WARNING * * *
You feel sick. The adder closely misses you.
Casting: Shock (safe; 5% risk of failure)
Confirm with . or Enter, or press ? or * to list all spells.
Aiming: Shock (safe; 5% risk of failure)
Press: ? - help, Shift-Dir - straight line, f/p - adder
Aim: an adder (almost dead, 48% to hit)
The zap misses the adder.
* * * LOW HITPOINT WARNING * * *
You feel sick. The adder barely misses you.
Unknown command.
You hit the adder.
The adder is almost dead.
* * * LOW HITPOINT WARNING * * *
You feel sick.
The adder bites you but does no damage. x2
It was a potion of haste.
You feel yourself speed up.
* * * LOW HITPOINT WARNING * * *
You feel sick. The adder bites you.
You die...

#.###.....# ######+#....†....#
#................#
######.....<........##
.....#..............# #. ##
.....#..............# #.. ..
.....#..............# #..###.
................)S..# #......
######..........@...#######...#..
#...##########.......#......
#...# #......###.#.###.. #...#
#........#...#.... +)..#
#..........#.#.#.. #...#
#......#...#.#.#.. ...#
#......####..†.##.
........'..'.).....
........####...####


You could see an adder.

Vanquished Creatures
  An adder (D:2)
  2 endoplasms (D:1)
  2 giant cockroaches (D:2)
  5 goblins
  4 hobgoblins
  8 kobolds
  2 quokkas
  7 ball pythons (D:1)
  3 bats
  A frilled lizard (D:1)
  3 rats
38 creatures vanquished.

Notes
Turn   | Place    | Note
-------+----------+-------------------------------------------
     0 | D:1      | Hubris850 the Deep Elf Air Elementalist began the quest for
                  | the Orb.
     0 | D:1      | Reached XP level 1. HP: 10/10 MP: 6/6
   232 | D:1      | Reached XP level 2. HP: 15/15 MP: 2/8
   742 | D:1      | Reached skill level 1 in Ranged Weapons
  1124 | D:2      | Reached XP level 3. HP: 12/19 MP: 1/9
  1344 | D:2      | You fall into a shaft and drop 1 floor!
  1663 | D:2      | Slain by an adder

Illustrated notes

Levels and vault maps discovered:
D:1:      dpeg_arrival_stone_temple_mockup, layout_loops_ring
D:2:      layout_basic, hellmonk_ecumenical_altar_inner_sanctum, uniq_robin
D:3:      layout_loops_ring, nicolae_overflow_two_pavilions

Skill      XL: |  1  2  3 |
---------------+----------+-----
Ranged Weapons | 1 2 |  2.3
Stealth        | 3 |  3.3
Dodging        | |  2.7
Spellcasting   | |  3.3
Conjurations   | |  1.5
Air Magic      | |  3.1

Action                   || total
-------------------------++-------
Melee: Dagger            ||    17
 Fire: Sling             ||    12
 Cast: Shock             ||    91
  Use: Potion            ||     1
Armor: Robe              ||     8
Dodge: Dodged            ||    33

Table legend: (Time is in decaauts)
 A = Elapsed time spent in this place.
 B = Non-inter-level travel time spent in this place.
 C = Inter-level travel time spent in this place.
 D = Time resting spent in this place.
 E = Time spent auto-exploring this place.
 F = Levels seen in this place.
 G = Mean time per level.
                   A        B        C        D        E       F      G
               +--------+--------+--------+--------+--------+-----+--------+
         Total |   1662 |   1643 |     19 |     22 |   1378 |   3 |  554.0 |
       Dungeon |   1662 |   1643 |     19 |     22 |   1378 |   3 |  554.0 |
               +--------+--------+--------+--------+--------+-----+--------+

Top non-repeatable levels by time:
     D:1: 1106 daAuts
     D:2: 511 daAuts
     D:3: 43 daAuts
